 Dungeon Crawl Stone Soup version 0.29.1-1-gd02db6906a (webtiles) character file.

Game seed: 1754475618968769837

58 MajorAdolf the Sneak (level 4, -2/40 HPs)
             Began as a Naga Wanderer on Oct 5, 2022.
             Killed by nerve-wracking pain
             ... invoked by an orc priest
              (3 damage)
             ... on level 3 of the Dungeon.
             The game lasted 00:03:28 (3134 turns).

MajorAdolf the Sneak (Naga Wanderer)                Turns: 3134, Time: 00:03:29

Health: -2/40      AC:  3    Str: 18    XL:     4   Next: 1%
Magic:  4/4        EV:  9    Int: 10    God:
Gold:   163        SH:  0    Dex: 11    Spells: 3/3 levels left

rFire   . . .      SeeInvis +   o - +3 dagger
rCold   . . .      Faith    .   (no shield)
rNeg    . . .      Spirit   .   l - +0 robe
rPois   +          Reflect  .   (no helmet)
rElec   .          Harm     .   (no cloak)
rCorr   .          Rampage  .   c - +0 pair of gloves
Will    .....                   (no barding)
Stlth   +++.......              (no amulet)
HPRegen 0.13/turn               (no ring)
MPRegen 0.09/turn               (no ring)

@: short of breath, very slow
A: AC +1, large, see invisible, deformed body, poison resistance, slowness 2,
spit poison 1, naga tail 1
a: Spit Poison


You were on level 3 of the Dungeon.
You visited 1 branch of the dungeon, and saw 3 of its levels.

You collected 163 gold pieces.

Inventory:

Hand Weapons
 a - a +0 shortbow
 h - a +0 sling
 i - a +0 dagger
 o - a +3 dagger (weapon)
Missiles
 j - 32 stones
 y - 2 curare-tipped darts (quivered)
Armour
 c - a +0 pair of gloves (worn)
 e - a +0 leather armour
 l - a +0 robe (worn)
Jewellery
 p - a +6 ring of dexterity
 w - a ring of flight
Scrolls
 b - a scroll of silence
 d - a scroll of vulnerability
 f - a scroll of noise {unknown}
 g - 2 scrolls of identify {unknown}
 k - 2 scrolls of enchant weapon {unknown}
 n - a scroll of torment {unknown}
 q - 2 scrolls of amnesia {unknown}
 r - 2 scrolls of teleportation {unknown}
 x - a scroll of poison {unknown}
Potions
 m - 2 potions of curing {unknown}
 s - a potion of lignification {unknown}
 t - 2 potions of mutation {unknown}
 u - a potion of might {unknown}
 v - 2 potions of brilliance {unknown}
 z - 2 potions of heal wounds {unknown}
 A - a potion of cancellation {unknown}


   Skills:
 + Level 2.7 Fighting
 - Level 2.6 Ranged Weapons
 + Level 5.8 Stealth
 - Level 3.0 Unarmed Combat


You had 3 spell levels left.
You didn't know any spells.
Your spell library was empty.

Dungeon Overview and Level Annotations

Branches:
Dungeon (3/15)

Altars:
Nemelex Xobeh

Annotations:
D:3 1 runed translucent door, Crazy Yiuf


Innate Abilities, Weirdness & Mutations

Your serpentine skin is tough. (AC +1)
You have supernaturally acute eyesight. (SInv)
Armour fits poorly on your strangely shaped body.
Your system is resistant to poisons. (rPois)
You cover ground very slowly.
You can spit poison.
You have a snake-like lower body.


Message History

The orc is almost dead.
You have got your breath back.
You kill the orc!
You have reached level 4!
You feel agile.
You start resting.
An orc priest is nearby!
Aiming: Spit Poison (1% risk of failure)
Press: ? - help, Shift-Dir - straight line, f - orc priest
Aim: an orc priest, wielding a +0 whip and wearing a +0 chain mail (wandering, hasn't noticed you, 70% to hit)
The splash of poison hits the orc priest.
The orc priest is moderately wounded.
The orc priest shouts!
You hear a shout!
The orc priest closely misses you.
You hit the orc priest but do no damage.
The orc priest is moderately wounded.
The orc priest barely misses you.
You hit the orc priest.
The orc priest is heavily wounded.
The orc priest hits you with a +0 whip.
You hit the orc priest but do no damage.
The orc priest is heavily wounded.
The orc priest hits you with a +0 whip.
You hit the orc priest but do no damage.
The orc priest is heavily wounded.
You have got your breath back.
The orc priest invokes the aid of Beogh against you.
Pain shoots through your body!
* * * LOW HITPOINT WARNING * * *
Unknown command.
Okay, then.
Aiming: Spit Poison (1% risk of failure)
Press: ? - help, Shift-Dir - straight line, f/p - orc priest
Aim: an orc priest, wielding a +0 whip and wearing a +0 chain mail (heavily wounded, 70% to hit)
The splash of poison hits the orc priest.
The orc priest is poisoned.
The orc priest is severely wounded.
The orc priest calls down the wrath of Beogh upon you.
Pain shoots through your body!
You die...

.###.#.###.#.# #..#
#.#.###.#.#### #..# #
#.##....)..# #..#
#....#...#...# #..#
####....###..###..#
##..#####......#
#.####..###.#+#..##.# ##
#......###._o###..#.# .
#######..o###@#'#.....##.#
#..........#####o......#.####
#####$#.##..###.............#
#.#.###..#o...####.#.##.#
#.#.# #.o..#..# #.#.#
#.#......###..# #.#.#
#o#####..# #..# #.#.# # .o
#..# #..# #.#.# .# o# #..#
#..# #.#.##.##


You could see an orc priest (poisoned).

Vanquished Creatures
  A worm (D:2)
  2 dart slugs (D:2)
  2 orcs (D:3)
  2 ball pythons (D:1)
  4 endoplasms
  A giant cockroach (D:2)
  8 hobgoblins
  4 jackals (D:1)
  4 kobolds (D:1)
  6 bats
  5 frilled lizards
  4 goblins
  A rat (D:2)
44 creatures vanquished.

Notes
Turn   | Place    | Note
-------+----------+-------------------------------------------
     0 | D:1      | MajorAdolf the Naga Wanderer began the quest for the Orb.
     0 | D:1      | MajorAdolf set off with the following items: a +0 shortbow,
                  | a scroll of silence, a +0 pair of gloves, a scroll of
                  | vulnerability, a +0 leather armour.
     0 | D:1      | Reached XP level 1. HP: 19/19 MP: 1/1
   116 | D:1      | Reached skill level 4 in Stealth
   126 | D:1      | Reached XP level 2. HP: 13/26 MP: 2/2
   667 | D:1      | Found a faded altar of an unknown god.
  1009 | D:1      | Reached skill level 5 in Stealth
  1190 | D:1      | Reached XP level 3. HP: 32/32 MP: 3/3
  2801 | D:3      | Found a runed translucent door.
  2802 | D:3      | Noticed Crazy Yiuf
  3107 | D:3      | Found a sparkling altar of Nemelex Xobeh.
  3119 | D:3      | Reached XP level 4. HP: 24/40 MP: 4/4
  3133 | D:3      | HP: 1/40 [orc priest/nerve-wracking pain (14)]
  3134 | D:3      | Killed from afar by an orc priest

Illustrated notes

Levels and vault maps discovered:
D:1:      eino_arrival_cavern_e, layout_loops_corners,
          dreamdust_ecumenical_altar_angels_and_demons
D:2:      layout_basic, minmay_misc_feat_hallway
D:3:      layout_loops_ring, nemelex_diamond_rough_becter,
          nicolae_wu_jian_immortal_techniques, uniq_crazy_yiuf_cottage

Skill      XL: |  1  2 |
---------------+-------+-----
Stealth        | 4 5 |  5.8
Fighting       | |  2.7
Ranged Weapons | |  2.6
Unarmed Combat | |  3.0

Action                   |  1- 3 |  4- 6 || total
-------------------------+-------+-------++-------
Melee: Dagger            |    87 |     4 ||    91
       Punch             |     1 |       ||     1
 Abil: Spit Poison       |    26 |     2 ||    28
 Stab: Sleeping          |     9 |       ||     9
Armor: Leather armour    |     4 |       ||     4
       Robe              |    20 |       ||    20
Dodge: Dodged            |    36 |     2 ||    38
